 Dungeon Crawl Stone Soup version 0.30-a0-445-g92f4fb2d71 (webtiles) character file.

Game seed: 10586866981958756451

21121 Conn the Arsonist (level 12, -1/72 HPs)
             Began as an Octopode Fire Elementalist on Dec 11, 2022.
             Was an Elder of Sif Muna.
             Slain by a black mamba (5 damage)
             ... on level 3 of the Lair of Beasts.
             The game lasted 00:49:55 (18363 turns).

Conn the Arsonist (Octopode Fire Elementalist)     Turns: 18363, Time: 00:49:56

Health: -1/72      AC:  1    Str:  7    XL:     12   Next: 86%
Magic:  11/26      EV: 18    Int: 27    God:    Sif Muna [****..]
Gold:   448        SH:  0    Dex: 14    Spells: 2/31 levels left

rFire   + . .      SeeInvis +    a - staff of fire
rCold   + . .      Faith    .    (no shield)
rNeg    . . .      Spirit   .    (helmet restricted)
rPois   .          Reflect  +    p - amulet of reflection
rElec   .          Harm     .    l - ring of protection from fire
rCorr   +          Rampage  .    q - +6 ring of intelligence
Will    .....                    t - +4 ring of evasion
Stlth   ++........               I - ring of wizardry
HPRegen 0.00/turn                R - ring of resist corrosion
MPRegen 0.20/turn                S - ring of ice
                                 U - ring of see invisible
                                 (no ring)

@: confused, inhibited regen, studying Maces & Flails
A: almost no armour, amphibious, 8 rings, camouflage 1, gelatinous body 1,
(nimble swimmer 1), tentacles, inhibited regeneration
a: Renounce Religion, Channel Magic, Forget Spell, Divine Exegesis


You were on level 3 of the Lair of Beasts.
You worshipped Sif Muna.
Sif Muna was greatly pleased with you.
You visited 4 branches of the dungeon, and saw 17 of its levels.

You collected 925 gold pieces.
You spent 477 gold pieces at shops.

Inventory:

Hand Weapons
 b - a +4 short sword of protection
 o - a +4 quarterstaff of chaos
Missiles
 n - 39 poisoned darts
 s - 3 throwing nets
 D - 7 curare-tipped darts (quivered)
 H - 3 datura-tipped darts
Magical Staves
 a - a staff of fire (weapon)
 k - a staff of conjuration
 B - a staff of death
 T - a staff of cold
Jewellery
 l - a ring of protection from fire (left tentacle)
 p - an amulet of reflection (around mantle)
 q - a +6 ring of intelligence (right tentacle)
 t - a +4 ring of evasion (on tentacle)
 I - a ring of wizardry (on tentacle)
 Q - an amulet of regeneration
 R - a ring of resist corrosion (on tentacle)
 S - a ring of ice (on tentacle)
 U - a ring of see invisible (on tentacle)
Wands
 y - a wand of mindburst (26)
 E - a wand of roots (8)
 L - a wand of charming (22)
 M - a wand of flame (8)
 O - a wand of digging (13)
 P - a wand of polymorph (6)
Scrolls
 d - 4 scrolls of identify
 h - 3 scrolls of amnesia
 i - 3 scrolls of blinking
 m - a scroll of silence
 u - a scroll of butterflies
 x - 5 scrolls of teleportation
 C - 2 scrolls of immolation
 G - 2 scrolls of brand weapon
 J - 3 scrolls of magic mapping
 K - 4 scrolls of enchant armour
 V - a scroll of summoning
Potions
 c - 2 potions of haste
 e - 4 potions of curing
 f - 2 potions of magic
 g - 6 potions of heal wounds
 j - a potion of cancellation
 r - 3 potions of flight
 v - 2 potions of invisibility
 w - 3 potions of attraction
 z - 2 potions of brilliance
 A - 2 potions of resistance
 F - a potion of ambrosia
 N - 3 potions of might


   Skills:
 + Level 2.8 Fighting
 + Level 0.1 Short Blades
 + Level 1.5 Staves
 + Level 0.2 Throwing
 + Level 3.3 Dodging
 + Level 5.3 Stealth
 + Level 0.8 Shields
 + Level 10.4 Spellcasting
 + Level 9.1 Conjurations
 + Level 2.7 Hexes
 + Level 3.3 Translocations
 + Level 10.7 Fire Magic
 + Level 4.2 Ice Magic
 + Level 2.8 Air Magic
 * Level 8.2 Invocations
 + Level 0.1 Evocations


You had 2 spell levels left.
You knew the following spells:

 Your Spells              Type           Power      Damage    Failure   Level
a - Foxfire               Conj/Fire      100%       2x1d9     1%          1
b - Kindle Blastsparks    Fire/Tloc/Air  100%       2d18      1%          3
c - Inner Flame           Hex/Fire       66%        N/A       1%          3
d - Flame Wave            Conj/Fire      80%        2d17      1%          4
e - Scorch                Fire           100%       2d10      1%          2
f - Fireball              Conj/Fire      40%        3d16      1%          5
g - Freezing Cloud        Conj/Ice/Air   30%        6-21      4%          5
h - Mephitic Cloud        Conj/Pois/Air  35%        N/A       1%          3
i - Ignite Poison         Fire/Tmut/Pois 50%        N/A       1%          3

Your spell library contained the following spells:

 Spells                   Type           Power      Damage    Failure   Level
 Apportation              Tloc           64%        N/A       1%          1
 Necrotise                Necr           56%        1d6       1%          1
 Summon Small Mammal      Summ           56%        N/A       1%          1
 Cigotuvi's Dreadful Rot  Necr/Pois/Air  38%        N/A       1%          2
 Poisonous Vapours        Pois/Air       42%        N/A       1%          2
 Dazzling Flash           Conj/Hex       92%        N/A       1%          3
 Portal Projectile        Hex/Tloc       60%        N/A       1%          3
 Tukima's Dance           Hex            28%        N/A       1%          3
 Sticky Flame             Conj/Fire      80%        2d9       1%          4
 Starburst                Conj/Fire      40%        6d11      4%          6
 Silence                  Hex/Air        14%        N/A       16%         5
 Agony                    Necr           14%        N/A       41%         5
 Blade Hands              Tmut           7%         N/A       41%         5
 Ignition                 Fire           41%        3d12      77%         8


Dungeon Overview and Level Annotations

Branches:
Dungeon (11/15)            Temple (1/1) D:4            Lair (3/5) D:11
 Shoals (0/4) Lair:2       Spider (0/4) Lair:2          Orc (2/2) D:10
    Elf: Orc:2

Altars:
Ashenzari
Cheibriados
Dithmenos
Elyvilon
Fedhas
Gozag
Hepliaklqana
Kikubaaqudgha
Makhleb
Nemelex Xobeh
Okawaru
Qazlal
Ru
Sif Muna
Trog
Uskayaw
Vehumet
Wu Jian
Xom
Yredelemnul
Zin
The Shining One

Shops:
D:2 ?   D:5 !

Annotations:
D:4 3 runed translucent doors, anet's ghost, amateur HOCj
D:11 1 runed translucent door
Orc:2 Maurice


Innate Abilities, Weirdness & Mutations

You cannot wear most types of armour.
You are amphibious.
You can wear up to eight rings at the same time.
Your skin changes colour to match your surroundings (Stealth+).
Your rubbery body absorbs attacks. (AC +1, EV +1)
((You are camouflaged when in or above water. (Stealth+)))
You have tentacles for arms and can constrict up to eight enemies at once.
You do not regenerate when monsters are visible.


Message History

The stinking cloud engulfs the black mamba but does no damage.
The black mamba is moderately wounded.
The stinking cloud engulfs you but does no damage.
The stinking cloud engulfs the rime drake but does no damage.
The rime drake is heavily wounded.
You are engulfed in noxious fumes.
You choke on the stench!
You are confused.
The rime drake is no longer more vulnerable to fire.
The black mamba bites you.
The rime drake is engulfed in noxious fumes.
The rime drake appears confused.
The rime drake closely misses the black mamba.
The black mamba misses you.
The rime drake is engulfed in noxious fumes.
The rime drake appears confused.
The rime drake bites the black mamba but does no damage.
Unknown command.
Unknown command.
Unknown command.
You feel better.
You are engulfed in noxious fumes.
You choke on the stench!
You are confused.
The black mamba bites you!!
* * * LOW HITPOINT WARNING * * *
You are lethally poisoned!
The black mamba poisons you! The black mamba closely misses you.
The rime drake is engulfed in noxious fumes.
The rime drake appears confused.
The rime drake bites the black mamba but does no damage.
Unknown command.
Unknown command.
You feel better.
You are engulfed in noxious fumes.
You choke on the stench!
You are confused.
The black mamba bites you!
* * * LOW HITPOINT WARNING * * *
The rime drake is engulfed in noxious fumes.
The rime drake appears confused.
The rime drake closely misses the black mamba.
The rime drake bites itself.
Flame seeps out of the rime drake.
The black mamba bites you.
You die...

...[#..P...#....P##....
.............§.....>... .
.....P.#.##.#.P.#.#..##.#
.........................
.####....##....P..#.P..P.
.........................
....#.#.........○.°......
................☼Sk......
...#....P##...##@#§#..#P.
................$........
##.#.##.###...####P##..#.
######### ##### ## ##


You could see a black mamba (combustible) and a rime drake (inner flame,
confused).

Vanquished Creatures
  2 hydras (Lair:2)
  A centaur warrior (D:11)
  A death yak (Lair:1)
  A two-headed ogre (D:10)
  A wizard (D:10)
  A cyclops (D:11)
  An ugly thing (D:11)
  A torpor snail (Lair:1)
  A cane toad (Lair:2)
  2 kobold demonologists (D:10)
  2 komodo dragons
  A polar bear (Lair:2)
  4 trolls
  8 blink frogs
  5 slime creatures (D:7)
  A vampire (D:9)
  2 culicivoras (Lair:2)
  3 shadows (D:10)
  2 wraiths
  2 wyverns
  26 yaks
  A steam dragon (D:8)
  2 basilisks
  4 vampire mosquitoes (D:11)
  A two-headed ogre zombie (D:10)
  8 water moccasins
  2 acid dragons (D:9)
  9 orc warriors
  2 black bears
  3 ogres
  3 ice beasts
  5 centaurs
  A phantom (D:10)
  2 kobold brigands
  9 bullfrogs
  Blork the orc (D:4)
  A gnoll sergeant (D:8)
  2 scorpions (D:5)
  12 killer bees
  4 howler monkeys
  2 electric eels (Lair:2)
  A gnoll bouda (D:9)
  4 orc priests
  Crazy Yiuf (D:2)
  2 hounds
  3 iguanas
  7 orc wizards
  7 ogre zombies (D:10)
  8 gnolls
  3 adders
  6 white imps
  4 worms
  14 dart slugs
  38 orcs
  8 ball pythons
  4 bats
  4 endoplasms
  3 giant cockroaches
  A goblin (D:3)
  7 hobgoblins
  3 quokkas
  4 frilled lizards
  A goblin skeleton (D:10)
  3 goblin zombies (D:10)
  2 hobgoblin skeletons (D:10)
  3 hobgoblin zombies (D:10)
  9 kobolds
  6 orc skeletons (D:10)
  10 orc zombies (D:10)
  3 rats (D:1)
311 creatures vanquished.

Vanquished Creatures (collateral kills)
  6 foxfires
6 creatures vanquished.

Vanquished Creatures (others)
  A gnoll (D:8)
  1024 foxfires
  6 fungi
  15 plants
1046 creatures vanquished.

Grand Total: 1363 creatures vanquished

Notes
Turn   | Place    | Note
-------+----------+-------------------------------------------
     0 | D:1      | Conn the Octopode Fire Elementalist began the quest for the
                  | Orb.
     0 | D:1      | Reached XP level 1. HP: 11/11 MP: 3/3
   288 | D:1      | Reached XP level 2. HP: 17/17 MP: 1/5
   985 | D:1      | Learned a level 2 spell: Scorch
  1272 | D:2      | Found a runed translucent door.
  1273 | D:2      | Noticed Crazy Yiuf
  1291 | D:2      | Killed Crazy Yiuf
  1292 | D:2      | Reached XP level 3. HP: 21/21 MP: 0/6
  1784 | D:2      | Found Tokloty's Magic Scroll Boutique.
  1803 | D:2      | Reached XP level 4. HP: 18/27 MP: 1/7
  1868 | D:2      | Bought a scroll of teleportation for 33 gold pieces
  2601 | D:3      | Learned a level 3 spell: Kindle Blastsparks
  2927 | D:4      | Reached XP level 5. HP: 31/31 MP: 0/9
  3100 | D:4      | Learned a level 3 spell: Inner Flame
  3102 | D:4      | Found a runed translucent gate.
  3102 | D:4      | Found a runed translucent gate.
  3103 | D:4      | Found a runed translucent gate.
  3104 | D:4      | Found an opulent altar of Gozag.
  3104 | D:4      | Noticed an acid dragon
  3108 | D:4      | Noticed a black bear
  3109 | D:4      | Noticed anet's ghost (amateur HOCj)
  3663 | D:4      | You fall into a shaft and drop 2 floors!
  3851 | D:6      | Reached skill level 1 in Air Magic
  3856 | D:5      | Entered Level 5 of the Dungeon
  3954 | D:5      | Reached skill level 1 in Translocations
  4133 | D:5      | Reached XP level 6. HP: 36/36 MP: 4/11
  4341 | D:4      | Found a staircase to the Ecumenical Temple.
  4366 | Temple   | Entered the Ecumenical Temple
  4610 | Temple   | Became a worshipper of Sif Muna the Loreminder
  4692 | D:4      | Noticed Blork the orc
  4696 | D:4      | Killed Blork the orc
  4932 | D:5      | Found Nyvugaowk's Distillery.
  4935 | D:5      | Bought a potion of lignification for 36 gold pieces
  4935 | D:5      | Bought a potion of heal wounds for 60 gold pieces
  4935 | D:5      | Bought a potion of heal wounds for 60 gold pieces
  5030 | D:5      | Found a broken altar of Ashenzari.
  5152 | D:5      | Reached skill level 5 in Fire Magic
  5152 | D:5      | Reached XP level 7. HP: 41/41 MP: 5/12
  6108 | D:6      | Reached XP level 8. HP: 47/47 MP: 6/14
  6716 | D:7      | Noticed a slime creature
  6717 | D:7      | Noticed a slime creature
  6718 | D:7      | Noticed a slime creature
  6838 | D:6      | Learned a level 4 spell: Flame Wave
  7061 | D:7      | Reached skill level 1 in Hexes
  7079 | D:7      | Reached skill level 1 in Invocations
  7239 | D:7      | Reached skill level 5 in Spellcasting
  7282 | D:7      | Killed a slime creature
  7383 | D:8      | Reached XP level 9. HP: 52/52 MP: 8/16
  7384 | D:8      | Reached skill level 1 in Fighting
  7384 | D:8      | Reached * piety under Sif Muna
  7586 | D:8      | Reached skill level 5 in Conjurations
  7768 | D:8      | Reached skill level 5 in Stealth
  8968 | D:7      | Reached XP level 10. HP: 59/59 MP: 5/20
  9237 | D:7      | Gained mutation: You occasionally lose the ability to read
                  | scrolls when taking damage. [potion of mutation]
  9237 | D:7      | Gained mutation: You are dopey. (Int -2) [potion of
                  | mutation]
  9237 | D:7      | Gained mutation: You are partially covered in iridescent
                  | scales. (AC +2) [potion of mutation]
  9238 | D:7      | Lost mutation: You are dopey. (Int -2) [potion of mutation]
  9238 | D:7      | Lost mutation: You are partially covered in iridescent
                  | scales. (AC +2) [potion of mutation]
  9238 | D:7      | Gained mutation: You are clumsy. (Dex -2) [potion of
                  | mutation]
  9294 | D:5      | Bought a potion of mutation for 96 gold pieces
  9294 | D:5      | Lost mutation: You are clumsy. (Dex -2) [potion of
                  | mutation]
  9294 | D:5      | Lost mutation: You occasionally lose the ability to read
                  | scrolls when taking damage. [potion of mutation]
  9294 | D:5      | Gained mutation: You are clumsy. (Dex -2) [potion of
                  | mutation]
  9294 | D:5      | Gained mutation: You are weak. (Str -2) [potion of
                  | mutation]
  9294 | D:5      | Gained mutation: You have a pair of small antennae on your
                  | head. [potion of mutation]
 10568 | D:9      | Learned a level 5 spell: Fireball
 10574 | D:9      | Learned a level 5 spell: Freezing Cloud
 10854 | D:9      | Reached skill level 1 in Ice Magic
 11190 | D:10     | Entered Level 10 of the Dungeon
 11201 | D:10     | Noticed a wizard
 11204 | D:10     | Killed a wizard
 11205 | D:10     | Reached skill level 5 in Invocations
 11540 | D:10     | Reached ** piety under Sif Muna
 12312 | D:10     | Reached XP level 11. HP: 63/63 MP: 1/23
 12526 | D:10     | Found a staircase to the Orcish Mines.
 12581 | D:10     | Reached *** piety under Sif Muna
 12963 | D:10     | Noticed a two-headed ogre
 12966 | D:10     | Killed a two-headed ogre
 13338 | D:5      | Bought 2 potions of mutation for 192 gold pieces
 13339 | D:5      | Lost mutation: You are clumsy. (Dex -2) [potion of
                  | mutation]
 13339 | D:5      | Lost mutation: You have a pair of small antennae on your
                  | head. [potion of mutation]
 13339 | D:5      | Lost mutation: You are weak. (Str -2) [potion of mutation]
 13339 | D:5      | Gained mutation: You occasionally lose the ability to read
                  | scrolls when taking damage. [potion of mutation]
 13342 | D:5      | Lost mutation: You occasionally lose the ability to read
                  | scrolls when taking damage. [potion of mutation]
 13342 | D:5      | Gained mutation: You do not regenerate when monsters are
                  | visible. [potion of mutation]
 13483 | Orc:1    | Entered Level 1 of the Orcish Mines
 13678 | Orc:2    | Entered Level 2 of the Orcish Mines
 13830 | Orc:2    | Noticed Maurice
 14075 | D:11     | Noticed a brown ugly thing
 14082 | D:11     | Killed a brown ugly thing
 14206 | D:10     | Reached skill level 1 in Staves
 14299 | D:11     | Noticed a cyclops
 14305 | D:11     | Killed a cyclops
 14318 | D:11     | Noticed a centaur warrior
 14320 | D:11     | Killed a centaur warrior
 14592 | D:11     | Found a runed translucent door.
 14592 | D:11     | Noticed an orc knight
 14592 | D:11     | Noticed a boulder beetle
 14593 | D:11     | Noticed an orc knight
 14598 | D:11     | Noticed a fire dragon
 14599 | D:11     | Noticed a cyclops
 14599 | D:11     | Identified the +6 quarterstaff "Conowaut" {speed, rF- rCorr
                  | MP+9 Str+9 Dex-4}
 14599 | D:11     | Noticed an orc knight
 14642 | D:11     | Found a staircase to the Lair.
 14957 | Lair:1   | Entered Level 1 of the Lair of Beasts
 14965 | Lair:1   | Noticed a death yak
 14979 | Lair:1   | Killed a death yak
 14980 | Lair:1   | Reached XP level 12. HP: 40/71 MP: 11/25
 15654 | Lair:1   | Reached skill level 10 in Fire Magic
 15807 | Lair:1   | Reached **** piety under Sif Muna
 16202 | Lair:2   | Found a staircase to the Shoals.
 16277 | Lair:2   | Noticed a four-headed hydra
 16418 | Lair:2   | Noticed a four-headed hydra
 17202 | Lair:2   | Found a hole to the Spider Nest.
 17297 | Lair:2   | Killed a four-headed hydra
 17298 | Lair:2   | Reached skill level 10 in Spellcasting
 17716 | Lair:2   | Killed a four-headed hydra
 18328 | Lair:3   | Learned a level 3 spell: Mephitic Cloud
 18332 | Lair:3   | Learned a level 3 spell: Ignite Poison
 18363 | Lair:3   | Slain by a black mamba

Illustrated notes

Levels and vault maps discovered:
D:1:      sevenhm_arrival_forest_fort_small_4, layout_basic
D:2:      layout_rooms, serial_shops, nicolae_shop_waterfront,
          uniq_crazy_yiuf_cottage
D:3:      kennysheep_slugbush, layout_loops_ring
D:4:      minmay_spotlight, layout_loops_ring, minmay_temple_entry_antechambers,
          ebering_ghost_gozag, hangedman_decor_riveting, uniq_blork_the_orc
D:5:      layout_basic, old_standard_altar, serial_shops, nicolae_stop_n_shop_2
D:6:      layout_gridville
D:7:      layout_basic
D:8:      layout_basic
D:9:      layout_long_grid
D:10:     layout_loops_ring, zombieorc2_lemuel, grunt_ogre_cave
D:11:     layout_cave_pools, lair_entry_dummy, minmay_st_funbox,
          chequers_serial_rivers_micro_a
Temple:   mainiacjoe_temple_starburst
Lair:1:   layout_gridlike, serial_bayou_shore_b, grunt_megastairs_1
Lair:2:   layout_regular_city, elwin_shoals_entry_rocks,
          hellmonk_spider_entry_life_and_decay, nicolae_quartered_pool_super,
          serial_bayou_shore_b, infiniplex_staircase_pool_2, lemuel_fruit_tree,
          serial_bayou_shore_a
Lair:3:   layout_long_grid, gammafunk_ghost_grave, serial_bayou_shore_b
Orc:1:    layout_caves, biasface_ghost_orc_armoury, serial_shops,
          nicolae_shop_window_shopping, basic_altar, minmay_shop_mass,
          nicolae_orc_crystal_geode
Orc:2:    st_orc_ogre_mass, layout_caves, nicolae_orc_lava_room, uniq_erolcha,
          uniq_maurice

Skill      XL: |  1  2  3  4  5  6  7  8  9 10 11 12 |
---------------+-------------------------------------+-----
Stealth        | 3 4 5 |  5.3
Fire Magic     | 4 5 6 8 9 10 | 10.7
Conjurations   | 2 3 4 6 7 8 9 |  9.1
Spellcasting   | 3 4 5 6 8 9 10 | 10.4
Air Magic      | 1 2 |  2.8
Translocations | 1 2 3 |  3.3
Hexes          | 1 2 |  2.7
Invocations    | 2 4 5 7 8 |  8.2
Fighting       | 1 2 |  2.8
Ice Magic      | 2 4 |  4.2
Staves         | 1 |  1.5
Dodging        | 3 |  3.3
Short Blades   | |  0.1
Throwing       | |  0.2
Shields        | |  0.8
Evocations     | |  0.1

Action                   |  1- 3 |  4- 6 |  7- 9 | 10-12 || total
-------------------------+-------+-------+-------+-------++-------
Melee: Short sword       |    11 |       |       |       ||    11
       Constrict         |     8 |     7 |     3 |     4 ||    22
       Staff             |    10 |    18 |     5 |    32 ||    65
       Tentacles         |     4 |     5 |     2 |     3 ||    14
Throw: Dart              |       |       |     1 |     2 ||     3
 Cast: Foxfire           |    33 |   106 |   143 |   323 ||   605
       Scorch            |     2 |    11 |    28 |    90 ||   131
       Inner Flame       |       |       |     9 |    34 ||    43
       Kindle Blastspark |       |       |     4 |    12 ||    16
       Flame Wave        |       |       |     3 |    25 ||    28
       Fireball          |       |       |       |    19 ||    19
       Freezing Cloud    |       |       |       |     1 ||     1
       Mephitic Cloud    |       |       |       |     1 ||     1
Invok: Channel Magic     |       |       |       |     3 ||     3
Evoke: Wand              |       |       |     2 |     5 ||     7
  Use: Scroll            |       |     8 |    13 |     8 ||    29
       Potion            |       |       |       |    12 ||    12
 Stab: Sleeping          |     1 |     2 |       |       ||     3
Armor: Skin              |     1 |       |     2 |     7 ||    10
Dodge: Dodged            |    20 |    20 |    20 |    70 ||   130
Block: Other             |       |     7 |    10 |    24 ||    41
       Reflection        |       |       |     2 |     1 ||     3

Table legend: (Time is in decaauts)
 A = Elapsed time spent in this place.
 B = Non-inter-level travel time spent in this place.
 C = Inter-level travel time spent in this place.
 D = Time resting spent in this place.
 E = Time spent auto-exploring this place.
 F = Levels seen in this place.
 G = Mean time per level.
                   A        B        C        D        E       F      G
               +--------+--------+--------+--------+--------+-----+--------+
         Total |  18379 |  17503 |    876 |   1531 |  12314 |  17 | 1081.1 |
       Dungeon |  14131 |  13359 |    772 |    915 |   9586 |  11 | 1284.6 |
        Temple |    301 |    244 |     57 |      0 |    232 |   1 |  301.0 |
          Lair |   3411 |   3366 |     45 |    253 |   2415 |   3 | 1137.0 |
  Orcish Mines |    535 |    535 |      0 |    363 |     81 |   2 |  267.5 |
               +--------+--------+--------+--------+--------+-----+--------+

Top non-repeatable levels by time:
    D:10: 2391 daAuts
     D:8: 1951 daAuts
     D:6: 1631 daAuts
  Lair:2: 1497 daAuts
     D:7: 1341 daAuts
     D:1: 1245 daAuts
     D:4: 1204 daAuts
  Lair:1: 1184 daAuts
     D:9: 1158 daAuts
     D:5: 945 daAuts
     D:3: 829 daAuts
     D:2: 813 daAuts
  Lair:3: 729 daAuts
    D:11: 618 daAuts
   Orc:1: 509 daAuts
